 Dungeon Crawl Stone Soup version bcrawl-1.12.2 (webtiles) character file.

Game seed: 8233091243104003031

116 Ebbett the Ducker (level 5, -8/37 HPs)
             Began as an Octopode Berserker on July 22, 2019.
             Was a Believer of Trog.
             Mangled by a gnoll
             ... wielding a +0 halberd
              (14 damage)
             ... on level 3 of the Dungeon.
             The game lasted 00:05:52 (1927 turns).

Ebbett the Ducker (Octopode Berserker)              Turns: 1927, Time: 00:05:53

Health: -8/37      AC:  1    Str: 17    XL:     5   Next: 1%
Magic:  5/5        EV: 14    Int:  9    God:    Trog [**....]
Gold:   101        SH:  0    Dex: 12    Spells: 4/4 levels left

rFire    . . .     SeeInvis .   r - +1 mace (holy)
rCold    . . .     Gourm    .   (no shield)
rNeg     . . .     Faith    .   (helmet restricted)
rPois    .         Spirit   .   (cloak restricted)
rElec    .         Reflect  .   (no amulet)
rCorr    .         Harm     .   (no ring)
MR       .....                  (no ring)
Stlth    +++.......             (no ring)
HPRegen  0.12/turn              (no ring)
MPRegen  0.09/turn              (no ring)
                                (no ring)
                                (no ring)
                                (no ring)

@: no status effects
A: almost no armour, stealthy swim, amphibious, 8 rings, constrict 8, camouflage
1, gelatinous body 1
a: Berserk, Trog's Hand, Renounce Religion


You were on level 3 of the Dungeon.
You worshipped Trog.
Trog was pleased with you.
You were not hungry.

You visited 1 branch of the dungeon, and saw 3 of its levels.

You collected 101 gold pieces.

Inventory:

Hand Weapons
 r - a +1 mace of holy wrath (weapon)
Scrolls
 c - a scroll of fog {unknown}
 d - 2 scrolls of immolation {unknown}
 e - a scroll of remove curse {unknown}
 h - 3 scrolls of teleportation {unknown}
 i - a scroll of amnesia {unknown}
 l - a scroll of magic mapping {unknown}
 n - 2 scrolls of identify {unknown}
Potions
 f - a potion of lignification {unknown}
 j - 2 potions of curing {unknown}
 k - a potion of flight {unknown}
 m - a potion of resistance {unknown}
 q - 2 potions of ambrosia {unknown}
Comestibles
 b - 2 rations {!d}


   Skills:
 + Level 3.8 Fighting
 + Level 0.7 Maces & Flails
   Level 3.7 Polearms
 + Level 3.9 Dodging
 + Level 1.8 Stealth


You had 4 spell levels left.
You didn't know any spells.
Your spell library was empty.

Dungeon Overview and Level Annotations

Branches:
Dungeon (3/12)

Altars:
Elyvilon
Lugonu
Sif Muna

Annotations:
D:3 Ijyb


Innate Abilities, Weirdness & Mutations

You cannot wear most types of armour.
You are very stealthy in the water. (Stealth+)
You are amphibious.
You can wear up to eight rings at the same time.
You can use your tentacles to constrict eight enemies at once.
Your skin changes colour to match your surroundings (Stealth+).
Your rubbery body absorbs attacks. (AC +1, EV +1)


Message History

The gnoll is almost dead.
You constrict the gnoll.
You kill the gnoll!
Trog accepts your kill.
You have reached level 5!
You feel agile. The gnoll closely misses you.
Ijyb the Twisted Goblin comes into view.
She is wielding a +2 dagger of venom and carrying a wand of polymorph (12).
Found a dagger.
You hit the gnoll. Your grab misses the gnoll.
The gnoll is lightly wounded.
The gnoll hits you with a +0 flail!
* * * LOW HITPOINT WARNING * * *
The gnoll barely misses you.
You hit the gnoll. Your grab misses the gnoll. Your squeeze misses the gnoll.
The gnoll is heavily wounded.
The gnoll hits you with a +0 flail.
* * * LOW HITPOINT WARNING * * *
The gnoll hits you from afar with a +0 halberd!
You die...

#.. # #.# .#
#.####.# #
#.#....#.## g
#.#.#...... ...
#.#....#
.....###.#<#.##.##
.......@gg.g......
......##†#....#.#.
..... ...#.#..# #
...)..####.#..#
####. #.#..# # ..#
.# .<# .# ...


You could see Ijyb (sleeping) and 3 gnolls.

Vanquished Creatures
  A crimson imp (D:2)
  A gnoll (D:3)
  An ooze (D:1)
  3 worms
  A dart slug (D:2)
  A leopard gecko (D:1)
  An orc (D:2)
  3 bats
  6 giant cockroaches
  6 goblins
  7 hobgoblins
  4 jackals (D:2)
  2 quokkas (D:2)
  2 ball pythons
  3 frilled lizards
  6 kobolds (D:2)
  6 rats (D:1)
54 creatures vanquished.

Notes
Turn   | Place    | Note
-------+----------+-------------------------------------------
     0 | D:1      | Ebbett the Octopode Berserker began the quest for the Orb.
     0 | D:1      | Reached XP level 1. HP: 16/16 MP: 1/1
   202 | D:1      | Reached XP level 2. HP: 21/21 MP: 2/2
   449 | D:1      | Reached XP level 3. HP: 21/26 MP: 3/3
   791 | D:2      | Found a white marble altar of Elyvilon.
   911 | D:2      | Reached ** piety under Trog
   968 | D:2      | Found a deep blue altar of Sif Muna.
  1277 | D:2      | Reached XP level 4. HP: 21/31 MP: 4/4
  1653 | D:2      | Reached skill level 1 in Stealth
  1750 | D:2      | Found a corrupted altar of Lugonu.
  1924 | D:3      | Reached XP level 5. HP: 14/37 MP: 5/5
  1925 | D:3      | Noticed Ijyb
  1927 | D:3      | Mangled by a gnoll

Skill      XL: |  1  2  3  4 |
---------------+-------------+-----
Stealth        | 1 |  1.8
Fighting       | |  3.8
Maces & Flails | |  0.7
Polearms       | |  3.7
Dodging        | |  3.9

Action                   |  1- 3 |  4- 6 || total
-------------------------+-------+-------++-------
Melee: Spear             |    80 |       ||    80
       Constrict         |    28 |    10 ||    38
       Tentacles         |    15 |     4 ||    19
       Long sword        |    20 |       ||    20
       Mace              |       |    26 ||    26
 Stab: Sleeping          |     3 |     3 ||     6
  Eat: Chunk             |     1 |     2 ||     3
Armor: Skin              |     8 |     1 ||     9
Dodge: Dodged            |    68 |    17 ||    85
